 Dungeon Crawl Stone Soup version 0.32-a0-928-g1cae6b7ea0 (webtiles) character file.

Game seed: 1520100825367877383

609 Ahpoh the Slasher (level 6, -6/51 HPs)
             Began as a Demigod Gladiator on Apr 12, 2024.
             Mangled by a gnoll
             ... wielding a +0 halberd
              (8 damage)
             ... on level 5 of the Dungeon.
             The game lasted 00:08:07 (3534 turns).

Ahpoh the Slasher (Demigod Gladiator)               Turns: 3534, Time: 00:08:08

Health: -6/51      AC: 11    Str: 15    XL:     6   Next: 99%
Magic:  8/8        EV: 10    Int: 10    God:
Gold:   250        SH:  0    Dex: 23    Spells: 5/5 levels left

rFire   . . .        a - +0 long sword
rCold   . . .        (no shield)
rNeg    + . .        g - +0 scale mail
rPois   .            c - +1 helmet
rElec   .            j - +0 cloak
rCorr   .            z - +0 pair of gloves
SInv    .            (no boots)
Will    .....        (no amulet)
Stlth   +            n - ring of positive energy
HPRegen 0.28/turn    (no ring)
MPRegen 0.11/turn

%: no passive effects
@: studying Ranged Weapons, invisible
A: high MP 1, forlorn, divine attributes
a: no special abilities


You were on level 5 of the Dungeon.
You visited 1 branch of the dungeon, and saw 5 of its levels.

You collected 250 gold pieces.

Inventory:

Hand Weapons
 a - a +0 long sword (weapon)
Missiles
 e - a javelin
Armour
 c - a +1 helmet (worn)
 g - a +0 scale mail (worn)
 j - a +0 cloak (worn)
 z - a +0 pair of gloves (worn)
Magical Staves
 u - a staff of cold
Jewellery
 n - a ring of positive energy (left hand)
Scrolls
 f - a scroll of enchant armour
 h - a scroll of vulnerability {unknown}
 k - a scroll of fear {unknown}
 l - 2 scrolls of amnesia
 m - 3 scrolls of noise
 p - a scroll of fog {unknown}
 v - a scroll of teleportation {unknown}
 w - 2 scrolls of poison {unknown}
 y - a scroll of brand weapon {unknown}
Potions
 b - 2 potions of berserk rage {unknown}
 i - a potion of ambrosia {unknown}
 o - a potion of cancellation {unknown}
 q - a potion of brilliance {unknown}
 s - 3 potions of curing
 t - a potion of attraction
 x - a potion of resistance {unknown}


   Skills:
 * Level 3.0 Fighting
 * Level 5.5 Long Blades
 * Level 2.8 Throwing
 * Level 3.1 Armour
 + Level 3.3 Dodging


You had 5 spell levels left.
You didn't know any spells.
Your spell library contained the following spells:

 Spells                   Type           Power      Damage    Failure   Level
 Frozen Ramparts          Ice            0%         1d1       99%         3
 Maxwell's Portable Pile  Tloc           0%         2d(5-13)  99%         3
 Ozocubu's Armour         Ice            0%         N/A       99%         3
 Stone Arrow              Conj/Erth      0%         3d7       99%         3
 Animate Armour           Summ/Erth      0%         N/A       100%        4
 Arcjolt                  Conj/Air       0%         1d10      100%        5
 Metabolic Englaciation   Hex/Ice        0%         N/A       100%        5
 Lehudib's Crystal Spear  Conj/Erth      0%         10d2      100%        8
 Maxwell's Capacitive Co  Air            0%         ∞         100%        8


Dungeon Overview and Level Annotations

Branches:
Dungeon (5/15)             Temple (0/1) D:5

Shops:
D:1 !

Annotations:
D:5 1 runed translucent door, mycrawlcharacter's ghost, novice MiBe


Innate Abilities, Weirdness & Mutations

You have an increased reservoir of magic. (+10% MP)
You shall have no god before yourself.
Your divine heritage dramatically boosts your attributes as you level up.


Message History

You catch the helpless gnoll completely off-guard!
You hit the gnoll.
The gnoll is moderately wounded.
The gnoll closely misses you. The gnoll barely misses you.
You slash the gnoll!
You kill the gnoll!
Your Armour skill increases to level 3!
You hit the ogre.
The ogre is heavily wounded.
The ogre closely misses you. The gnoll barely misses you.
You slash the ogre!
The ogre is almost dead.
The gnoll completely misses you.
You slash the ogre!
You kill the ogre!
The gnoll barely misses you.
Your Fighting skill increases to level 3!
You slash the gnoll!
The gnoll is heavily wounded.
The gnoll misses you. The gnoll barely misses you.
You slash the gnoll!
You kill the gnoll!
The gnoll barely misses you.
You swing at nothing.
The gnoll barely misses you.
You swing at nothing.
The gnoll hits you with a +0 halberd. x2
You swing at nothing.
The gnoll hits you but does no damage.
You swing at nothing.
The gnoll closely misses you.
You swing at nothing.
The gnoll closely misses you.
You swing at nothing.
The gnoll closely misses you.
You swing at nothing.
The gnoll hits you with a +0 halberd.
You barely miss the gnoll. The gnoll hits you with a +0 halberd!
* * * LOW HITPOINT WARNING * * *
You barely miss the gnoll. The gnoll closely misses you.
You closely miss the gnoll. The gnoll misses you.
You hit the gnoll.
The gnoll is lightly wounded.
The gnoll hits you with a +0 halberd!
* * * LOW HITPOINT WARNING * * *
The gnoll hits you with a +0 halberd!
You die...

#.# #.# #.# #.# #.# .
#.#
..+.##############
...............g.#
...#.#.#(...##.#@#
...#.#.#.##....#)#
.......).....#...#
...#)##.#.##.#.$.#
...#....#........#
......#...#.#.##..#
##.##.#.>.#.#.......#
#. ..........#.....#
# ..#.#.#....#.....#


You could see a gnoll (unable to see you).

Vanquished Creatures
  A sky beast (D:4)
  2 ogres
  A scorpion (D:4)
  A hound (D:5)
  An orc priest (D:5)
  A gnoll bouda (D:5)
  2 iguanas (D:4)
  An orc wizard (D:5)
  5 gnolls (D:5)
  An adder (D:3)
  A dart slug (D:1)
  A ribbon worm (D:2)
  2 orcs (D:5)
  7 endoplasms
  3 giant cockroaches
  5 hobgoblins
  7 jackals
  6 kobolds
  3 quokkas
  A ball python (D:2)
  13 goblins
  4 rats
69 creatures vanquished.

Notes
Turn   | Place    | Note
-------+----------+-------------------------------------------
     0 | D:1      | Ahpoh the Demigod Gladiator began the quest for the Orb.
     0 | D:1      | Reached XP level 1. HP: 17/17 MP: 3/3
   114 | D:1      | Reached XP level 2. HP: 24/24 MP: 4/4
   137 | D:1      | Reached skill level 3 in Long Blades
   172 | D:1      | Found Soly's Distillery.
   548 | D:2      | Reached XP level 3. HP: 21/29 MP: 5/5
  1977 | D:4      | Noticed a scorpion
  1983 | D:4      | Killed a scorpion
  1984 | D:4      | Reached skill level 4 in Long Blades
  1984 | D:4      | Reached skill level 1 in Armour
  1984 | D:4      | Reached XP level 4. HP: 37/37 MP: 6/6
  2062 | D:4      | Noticed a sky beast
  2086 | D:4      | Killed a sky beast
  2087 | D:4      | Reached XP level 5. HP: 22/42 MP: 7/7
  2376 | D:4      | Noticed an ogre
  2388 | D:4      | Killed an ogre
  2389 | D:4      | Reached XP level 6. HP: 12/50 MP: 8/8
  3069 | D:5      | Entered Level 5 of the Dungeon
  3125 | D:5      | Reached skill level 5 in Long Blades
  3473 | D:5      | Found a runed translucent door.
  3478 | D:5      | Noticed mycrawlcharacter's ghost (novice MiBe)
  3491 | D:5      | Found a staircase to the Ecumenical Temple.
  3534 | D:5      | HP: 2/51 [gnoll/+0 halberd (7)]
  3534 | D:5      | Mangled by a gnoll

Illustrated notes

Levels and vault maps discovered:
D:1:      dpeg_arrival_three_bigger_balls, layout_rooms, serial_shops,
          shop_fountains, shapermc_ecumenical_altar_flowoftime
D:2:      layout_basic, chequers_serial_rivers_micro_a, minmay_misc_feat_cross
D:3:      layout_loops_cross, nicolae_ru_awakened_eye, grunt_gozag_breadcrumbs
D:4:      layout_loops_ring, grunt_temple_overflow_order_and_chaos_2,
          bloody_trog, skrybe_limestone_x, roderic_lattice_a
D:5:      layout_basic, kennysheep_mini_moat, minmay_temple_entry_ruins,
          ebering_ghost_reflecting_pool, hangedman_feature_mirror,
          minmay_increasing_density

Skill      XL: |  1  2  3  4  5  6 |
---------------+-------------------+-----
Fighting       | 2 3 |  3.0
Long Blades    | 3 4 5 |  5.5
Dodging        | 3 |  3.3
Throwing       | 2 |  2.8
Armour         | 1 2 3 |  3.1

Action                     |  1- 3 |  4- 6 || total
---------------------------+-------+-------++-------
  Melee: Long sword        |   134 |   101 ||   235
  Throw: Javelin           |     2 |     1 ||     3
         Throwing net      |       |     5 ||     5
    Use: Potion            |       |     4 ||     4
         Scroll            |       |     3 ||     3
   Stab: Invisible         |       |     6 ||     6
 Armour: Leather armour    |    24 |       ||    24
         Scale mail        |    57 |    83 ||   140
  Dodge: Dodged            |    68 |    77 ||   145

Table legend: (Time is in decaauts)
 A = Elapsed time spent in this place.
 B = Non-inter-level travel time spent in this place.
 C = Inter-level travel time spent in this place.
 D = Time resting spent in this place.
 E = Time spent auto-exploring this place.
 F = Levels seen in this place.
 G = Mean time per level.
                   A        B        C        D        E       F      G
               +--------+--------+--------+--------+--------+-----+--------+
         Total |   3588 |   3494 |     94 |    195 |   2414 |   5 |  717.6 |
       Dungeon |   3588 |   3494 |     94 |    195 |   2414 |   5 |  717.6 |
               +--------+--------+--------+--------+--------+-----+--------+

Top non-repeatable levels by time:
     D:4: 1232 daAuts
     D:3: 674 daAuts
     D:2: 658 daAuts
     D:1: 551 daAuts
     D:5: 472 daAuts
